 Dungeon Sprint DCSS version 0.29.1-2-gbd0b4ee654 (webtiles) character file.

Game seed: 5228000253040515520

814 boopmooplesden the Basher (level 7, 0/78 HPs)
             Began as a Minotaur Berserker on Nov 16, 2022.
             Was an Elder of Trog.
             Slain by a fire elemental (1 damage)
             ... summoned by a deep elf pyromancer
             ... in the Dungeon (Sprint V: "Ziggurat Sprint").
             The game lasted 00:02:06 (143 turns).

boopmooplesden the Basher (Minotaur Berserker)       Turns: 143, Time: 00:02:06

Health: 0/78       AC: 28    Str: 27    XL:     7   Next: 62%
Magic:  6/6        EV:  9    Int:  4    God:    Trog [****..]
Gold:   0          SH:  0    Dex: 10    Spells: 6/6 levels left

rFire   + + +      SeeInvis .   k - +7 great mace "Firestarter" {inner flame, rF++}
rCold   x . .      Faith    .   (shield currently unavailable)
rNeg    . . .      Spirit   .   j - +15 Maxwell's patent armour {-Cast -Tele rElec Will+ rCorr}
rPois   .          Reflect  .   (helmet restricted)
rElec   +          Harm     .   (no cloak)
rCorr   +          Rampage  .   (no gloves)
Will    +....      NoTele   +   (no boots)
Stlth   .......... NoCast   +   (no amulet)
HPRegen 0.23/turn               F - ring of Freedom {Fire rElec Str+4}
MPRegen 0.10/turn               m - ring of flight

@: on berserk cooldown, flying, slowed, very slow
A: horns 2, retaliatory headbutt
a: Renounce Religion, Berserk, Trog's Hand, Brothers in Arms


You were in the Dungeon.
You worshipped Trog.
Trog was greatly pleased with you.
You visited 1 branch

Inventory:

Hand Weapons
 a - a +0 mace
 i - the +10 dark maul {vorpal}
   (You found it in the Dungeon)

   It inflicts extra damage upon your enemies.
 k - the +7 great mace "Firestarter" (weapon) {inner flame, rF++}
   (You found it in the Dungeon)

   It burns those it strikes, dealing additional fire damage.
   It fills those it strikes with an explosive inner flame.
   It grants immunity to clouds of flame.
   rF:        It greatly protects you from fire.
 l - the +6 shillelagh "Devastator" {shatter}
   (You found it in the Dungeon)

   It releases a powerful concussive burst when it strikes, dealing extra damage
   to the target and all other foes adjacent to them.
 D - a +5 demon whip
Armour
 b - a +0 animal skin
 j - the +15 Maxwell's patent armour (worn) {-Cast -Tele rElec Will+ rCorr}
   (You found it in the Dungeon)

   rElec:     It insulates you from electricity.
   -Cast:     It prevents spellcasting.
   -Tele:     It prevents most forms of teleportation.
   rCorr:     It protects you from acid and corrosion.
   Will:      It increases your willpower.
 E - the +18 shield of the Gong {rElec rN+ Will+ EV-5}
   (You found it in the Dungeon)

   It is deafeningly noisy when blocking attacks.
   EV:        It affects your evasion (-5).
   rElec:     It insulates you from electricity.
   rN:        It protects you from negative energy.
   Will:      It increases your willpower.
Jewellery
 m - a ring of flight (right hand)
 n - a +6 ring of dexterity
 o - a +6 ring of dexterity
 p - a +6 ring of intelligence
 q - a +6 ring of intelligence
 r - a +6 ring of strength
 s - a +6 ring of strength
 F - the ring of Freedom (left hand) {Fire rElec Str+4}
   (You found it in the Dungeon)

   [ring of fire]

   It enhances your fire magic.
   Str:       It affects your strength (+4).
   rF:        It protects you from fire.
   rC:        It makes you vulnerable to cold.
   rElec:     It insulates you from electricity.
Wands
 t - a wand of mindburst (7)
 u - a wand of quicksilver (7)
Scrolls
 h - 4 scrolls of blinking
 y - 7 scrolls of fog
 B - 5 scrolls of identify
 C - 2 scrolls of fear
Potions
 c - 10 potions of curing
 d - 10 potions of heal wounds
 e - 6 potions of haste
 f - 7 potions of magic
 g - 3 potions of berserk rage
 w - 2 potions of invisibility
 x - 4 potions of resistance
 z - a potion of experience
 A - 5 potions of might
Miscellaneous
 v - a lightning rod (4/4)


   Skills:
 + Level 12.8 Fighting
 + Level 13.6 Maces & Flails
 + Level 6.7 Armour
 + Level 5.9 Dodging


You had 6 spell levels left.
You didn't know any spells.
Your spell library was empty.

Dungeon Overview and Level Annotations

Branches:
Dungeon (1/1)

Altars:
Ashenzari
Cheibriados
Dithmenos
Elyvilon
Fedhas
Gozag
Hepliaklqana
Kikubaaqudgha
Makhleb
Nemelex Xobeh
Okawaru
Qazlal
Ru
Sif Muna
Trog
Uskayaw
Vehumet
Wu Jian
Xom
Yredelemnul
Zin
The Shining One
Jiyva
Lugonu

Annotations:
D 1 transporter


Innate Abilities, Weirdness & Mutations

You have a pair of horns on your head.
You reflexively headbutt those who attack you in melee.


Message History

* * * LOW HITPOINT WARNING * * *
The deep elf pyromancer hits you with a +0 long sword.
* * * LOW HITPOINT WARNING * * *
The deep elf sorcerer's eyes start to glow.
The deep elf sorcerer hits you but does no damage.
The air elemental fires a burst of electricity at you.
The stunning burst hits you. You resist.
* * * LOW HITPOINT WARNING * * *
You can move again.
You barely miss the deep elf pyromancer.
The deep elf pyromancer is moderately wounded.
The air elemental fires a burst of electricity at you.
The stunning burst misses you. The fire elemental hits you.
The air elemental barely misses you. You furiously retaliate!
You headbutt the air elemental! The fire elemental hits you.
The fire elemental burns you! You resist.
* * * LOW HITPOINT WARNING * * *
The deep elf pyromancer casts a spell.
The deep elf sorcerer hits you but does no damage.
The fire elemental hits you. x2; The fire elemental burns you!
You resist.
* * * LOW HITPOINT WARNING * * *
The air elemental fires a burst of electricity at you.
The stunning burst misses you.
The deep elf sorcerer casts a spell at you.
The deep elf pyromancer hits you with a +0 long sword.
* * * LOW HITPOINT WARNING * * *
You sock the deep elf pyromancer!
Flame seeps out of the deep elf pyromancer.
You burn the deep elf pyromancer.
Flame seeps out of the deep elf pyromancer.
The deep elf pyromancer is severely wounded.
The air elemental hits you but does no damage. x2
The fire elemental hits you. The fire elemental burns you! You resist.
* * * LOW HITPOINT WARNING * * *
The fire elemental hits you.
The air elemental fires a burst of electricity at you.
The stunning burst hits you. You resist.
You shrug off the repeated paralysis!
* * * LOW HITPOINT WARNING * * *
The fire elemental hits you. The fire elemental burns you! You resist.
You die...

▓.....▓.....▓..©..▓
▓..©..▓..©..▓▓▓▓▓▓▓
▓▓▓▓▓▓▓▓▓▓▓▓▓▓▓▓▓▓▓
▓..8©8...▓..8©8...▓
▓..):)...▓..)!}...▓
▓...|....▓..|e=...▓
▓........▓..°E....▓
▓........▓..EeE...▓
▓.▓†...▓.▓.▓.@eE▓.▓
▓...©....▓...©E...▓
▓▓▓▓▓▓▓▓▓▓▓▓▓▓▓▓▓▓▓


You could see a deep elf sorcerer, 2 deep elf pyromancers, 4 fire elementals and
an air elemental.

Vanquished Creatures
  A tarantella (D)
  A golden eye (D)
  A floating eye (D)
  A black bear (D)
  A wolf (D)
  3 scorpions (D)
  A jelly (D)
  An iguana (D)
  A river rat (D)
  An endoplasm (D)
  A jackal (D)
13 creatures vanquished.

Notes
Turn   | Place    | Note
-------+----------+-------------------------------------------
     0 | D        | boopmooplesden the Minotaur Berserker began the quest for
                  | the Orb.
     0 | D        | Reached XP level 1. HP: 19/19 MP: 0/0
     2 | D        | Found a blossoming altar of Fedhas.
     2 | D        | Found the +6 Majin-Bo {vamp, MP+6 Int+6}
     2 | D        | Found the +9 heavy crossbow "Sniper" {vorpal, Acc+∞ SInv}
     2 | D        | Found the +10 dark maul {vorpal}
     2 | D        | Found the +15 Maxwell's patent armour {-Cast -Tele rElec
                  | Will+ rCorr}
     2 | D        | Found the +18 shield of the Gong {rElec rN+ Will+ EV-5}
     2 | D        | Found the +14 obsidian axe {vorpal, Mesm Drain Fly SInv}
     2 | D        | Found the +7 great mace "Firestarter" {inner flame, rF++}
     2 | D        | Found the +6 shillelagh "Devastator" {shatter}
     2 | D        | Found the +11 plutonium sword {Contam Stlth-}
     2 | D        | Found the +8 lance "Wyrmbane" {slay drac, rPois rF+ rC+
                  | AC+3}
     2 | D        | Found the +9 sword of Zonguldrok {reap}
     2 | D        | Found the +13 scythe of Curses {drain, Drain}
     2 | D        | Found the +5 sword of Power {vorpal}
     2 | D        | Found the +7 mace of Variability {chain chaos}
     2 | D        | Found the +7 Singing Sword {vorpal, sonic wave}
     2 | D        | Found the +8 storm bow {elec, penet}
     3 | D        | Found a transporter.
     3 | D        | Found a viscous altar of Jiyva.
     3 | D        | Found an ancient bone altar of Kikubaaqudgha.
     3 | D        | Found a hazy altar of Hepliaklqana.
     3 | D        | Found a corrupted altar of Lugonu.
     3 | D        | Found an opulent altar of Gozag.
     3 | D        | Found a burning altar of Makhleb.
     4 | D        | Found a sacrificial altar of Ru.
     4 | D        | Found a stormy altar of Qazlal.
     4 | D        | Found a shimmering blue altar of Sif Muna.
     4 | D        | Found an iron altar of Okawaru.
     4 | D        | Found a bloodstained altar of Trog.
     4 | D        | Found a sparkling altar of Nemelex Xobeh.
    69 | D        | Entered arena 2.
    69 | D        | Noticed a wolf
    69 | D        | Noticed a black bear
    69 | D        | Found a transporter.
    70 | D        | Killed a wolf
    70 | D        | Killed a black bear
    71 | D        | Reached skill level 9 in Maces & Flails
    71 | D        | Reached XP level 2. HP: 36/36 MP: 1/1
    71 | D        | Reached XP level 3. HP: 41/41 MP: 2/2
    71 | D        | Reached XP level 4. HP: 49/49 MP: 3/3
    71 | D        | Reached XP level 5. HP: 56/56 MP: 4/4
    76 | D        | Entered arena 3.
    76 | D        | Found a transporter.
    78 | D        | Reached ** piety under Trog
    85 | D        | Entered arena 4.
    85 | D        | Noticed a golden eye
    85 | D        | Noticed a floating eye
    85 | D        | Found a transporter.
    86 | D        | Paralysed by a floating eye for 2 turns
    88 | D        | Killed a floating eye
    89 | D        | Reached skill level 10 in Fighting
    89 | D        | Reached skill level 10 in Maces & Flails
    89 | D        | Reached skill level 5 in Armour
    89 | D        | Reached XP level 6. HP: 64/66 MP: 5/5
    89 | D        | Reached *** piety under Trog
   104 | D        | Killed a golden eye
   105 | D        | Reached skill level 11 in Maces & Flails
   105 | D        | Reached skill level 5 in Dodging
   113 | D        | Got the ring of Freedom {Fire rElec Str+4}
   123 | D        | Entered arena 5.
   123 | D        | Noticed a tarantella
   123 | D        | Found a transporter.
   126 | D        | Reached skill level 12 in Maces & Flails
   126 | D        | Reached XP level 7. HP: 75/75 MP: 6/6
   127 | D        | Killed a tarantella
   127 | D        | Reached **** piety under Trog
   128 | D        | Reached skill level 13 in Maces & Flails
   138 | D        | Entered arena 6.
   138 | D        | Noticed a deep elf pyromancer
   138 | D        | Noticed a deep elf sorcerer
   138 | D        | Noticed a fire elemental
   138 | D        | Noticed a deep elf pyromancer
   138 | D        | Noticed an air elemental
   138 | D        | Found a transporter.
   138 | D        | Paralysed by an air elemental for 1 turns
   140 | D        | Noticed a fire elemental
   140 | D        | Noticed a fire elemental
   141 | D        | Paralysed by an air elemental for 1 turns
   143 | D        | Noticed a fire elemental
   143 | D        | HP: 1/78 [air elemental/stunning burst (3)]
   143 | D        | Slain by a fire elemental

Illustrated notes

Levels and vault maps discovered:
D:        sprint_v [room_start, room_1, room_2, room_3, room_4, room_5, room_6,
          room_7, room_8, room_9, room_10, room_11, room_12, room_13, room_14,
          room_15, room_16, room_17, room_18, room_19, room_20, room_21,
          room_22, room_23, room_24, room_25, room_26, room_27]

Skill      XL: |  1  2  3  4  5  6  7 |
---------------+----------------------+-----
Fighting       | 8 10 11 12 | 12.8
Maces & Flails | 9 10 12 13 | 13.6
Armour         | 4 5 6 |  6.7
Dodging        | 4 5 |  5.9

Action                   |  1- 3 |  4- 6 |  7- 9 || total
-------------------------+-------+-------+-------++-------
Melee: Great mace        |     1 |     9 |     6 ||    16
       Headbutt          |     1 |     3 |     1 ||     5
Invok: Berserk           |       |     1 |       ||     1
Armor: Plate armour      |     1 |    13 |    22 ||    36
Dodge: Dodged            |     1 |     4 |     8 ||    13
